Unix NetHack Version 5.0.0-0 post-release - last build May 23 2026 06:08:33 (1c0ff79ee797540d5714e4e18072db0edd9e58ae,branch:main).

Game began 2026-05-22 07:23:10, ended 2026-05-25 10:46:01.

Grufus, lawful male human Samurai

                                                --.----     ..---
                                                |.....------..).|
                                            -----..--...........--
                                            |.....-------.....)..---     #---
                                          ---.-----     ...(^......|    *#..|
                                          |...|         ...........|    `#..|
                                    -------.---    .......---......---#-##..|
                                    |....|..|      -.)....------.......|##..|
                              .--   |....|G-- ---  -.......|.--|.`.---.--...|
                              -.-----Ns....| --..--.........`.|  --- |.....-#
                    .---      |...--.......| |".........).--.--      --.-#.|#
                    .<.|      |....).......| --.--..-- -..---         |..#.#
                    --.--  ----...--G..u@.--  -------   ..%.--        |..#.#
                     |..-  |.....---......|              ....---       -##.#-
                     --..---.....--..-....---             .....|         |..-
                      |...................%..              ..*.-         |...|
                      |................--....               ---.         --..--
                        ...------..-------...                             --..|
                                |..|     ---                               |..|
                                                                           ---
Grufus the Ninja       St:14 Dx:14 Co:18 In:12 Wi:10 Ch:6  Lawful
Dlvl:10 $:0  HP:0(74) Pw:32(32) AC:2  Xp:7 T:4891 

Latest messages:
 The gnome lord secures the tether on the aklys.
 The red naga bites!
 What do you want to throw? [bchit or ?*] t
 In what direction? 4
 The aklys hits the red naga.
 The aklys returns to your hand!
 What do you want to throw? [bchit or ?*] t
 In what direction? 4
 The aklys misses.
 The aklys returns to your hand!
 The blast of fire hits you!
 What do you want to throw? [bchit or ?*] t
 In what direction? 4
 The aklys misses.
 The aklys returns to your hand!
 The sewer rat is killed by the blast of fire!
 The blast of fire hits you!
 Your potion of water boils and explodes!
 The blast of fire hits you!
 Your lamp catches light!
 The gnome lord wields a dwarvish spear!
 The ogre swings his club.
 The ogre hits!
 The ogre swings his club.
 The ogre hits!
 The gnome lord wields an aklys!
 The gnome lord secures the tether on the aklys.
 You hear crashing rock.
 The gnome lord throws an aklys!
 An aklys misses you.
 The blast of fire hits you!
 The blast of fire bounces!
 The blast of fire hits you!
 Your cloak smoulders!
 The red naga bites!
 A dwarvish spear misses you.
 The aklys misses the pony.
 You are almost hit by an aklys.
 The gnome lord wields an aklys!
 The gnome lord secures the tether on the aklys.
 The aklys misses the pony.
 You are hit by an aklys.
 You hear the howling of the CwnAnnwn...
 The blast of fire hits you!
 You die...
 Do you want your possessions identified? [ynq] (y) y
 Do you want to see your attributes? [ynq] (y) y
 Do you want an account of creatures vanquished? [ynaq] (y) y
 Do you want to see your conduct and achievements? [ynq] (y) y
 Do you want to see the dungeon overview? [ynq] (y) y

Inventory:
 Amulets  ('"')
  x - an uncursed amulet of ESP (being worn)
 Weapons  (')')
  b - a blessed poisoned +1 orcish arrow
  i - 32 +0 ya
  c - a +0 yumi
  t - a +0 aklys (tethered to left hand)
  h - a corroded +0 wakizashi
 Armor    ('[')
  k - an uncursed burnt +0 dwarvish cloak (being worn)
  e - an uncursed rustproof +2 splint mail (being worn)
 Scrolls  ('?')
  Y - 2 uncursed scrolls of create monster
 Rings    ('=')
  j - an uncursed ring of cold resistance (on right hand)
  r - an uncursed ring of slow digestion (on left hand)
 Wands    ('/')
  l - a wand of slow monster (0:3)
 Tools    ('(')
  a - a cursed oil lamp (lit)
  q - an uncursed osaku
  V - an uncursed tin whistle

Grufus the Samurai's attributes:

Background:
 You were a Ninja, a level 7 male human Samurai.
 You were lawful, on a mission for Amaterasu Omikami
 who was opposed by Raijin (neutral) and Susanowo (chaotic).
 You were left-handed.
 You were in the Gnomish Mines, on level 10.
 You entered the dungeon 4891 turns ago.
 You had 1100 experience points, 180 more were needed to attain level 8.

Basics:
 You had 0 out of 74 hit points.
 You had all 32 energy points (spell power).
 Your armor class was 2.
 Your wallet was empty.
 Autopickup was off.

Final Characteristics:
 Your strength was 14 (peak:16, limit:18/100).
 Your dexterity was 14 (peak:15, limit:18).
 Your constitution was 18 (limit:18).
 Your intelligence was 12 (limit:18).
 Your wisdom was 10 (limit:18).
 Your charisma was 6 (limit:18).

Final Status:
 You weren't hungry.
 You were unencumbered.
 You were wielding a club.
 You had no skill with club.

Final Attributes:
 You were piously aligned.
 Your items were somewhat protected from fire.
 You were cold resistant.
 Your items were protected from cold.
 You were level-drain resistant.
 You were telepathic.
 You had slower digestion.
 You were warded.
 Your spell casting was impaired by metallic armor.
 You were a wererat.
 You were harmed by silver.
 You were fast.
 Amaterasu Omikami was angry with you.
 You are dead.

Miscellaneous:
 You encountered 1 bones level.
 Total elapsed playing time was 3 hours, 39 minutes and 14 seconds.

Major events:
 Turn
    1: Grufus the lawful male human Samurai entered the dungeon
  938: attained the rank of Ronin (level 3)
 1368: entered the Gnomish Mines
 2069: attained the rank of Ninja (level 6)
 2299: reached Mine Town
 4891: killed by a blast of fire exhaled by a red naga

Spells:
 Name                 Level Category     Fail Retention
 magic missile          2   attack       100%  76%-100%
 fireball               4   attack       100%  76%-100%
 restore ability        4   healing      100%  76%-100%
 healing                1   healing      100%  76%-100%

Skills:
 Fighting Skills
   martial arts      [Basic]
   two weapon combat [Unskilled]
   riding            [Unskilled]
 Weapon Skills
   dagger            [Unskilled]
   knife             [Unskilled]
   short sword       [Expert]
   broadsword        [Unskilled]
   long sword        [Basic]
   two-handed sword  [Unskilled]
   saber             [Unskilled]
   flail             [Unskilled]
   quarterstaff      [Unskilled]
   polearms          [Unskilled]
   spear             [Unskilled]
   lance             [Unskilled]
   bow               [Basic]
   shuriken          [Unskilled]
 Spellcasting Skills
   attack spells     [Unskilled]
   divination spells [Unskilled]
   clerical spells   [Unskilled]

Voluntary challenges:
 Character rerolling was not enabled.
 You never genocided any monsters.
 You never polymorphed an object.
 You used no wishes.
Achievements:
 You entered a shop.
 You attained the rank of Ronin.
 You entered the Gnomish Mines.
 You attained the rank of Ninja.
 You entered Minetown.
 You entered a temple.

 The Dungeons of Doom: levels 1 to 3
    Level 1:
    Level 2:
       A general store.
    Level 3:
       A food shop, a fountain.
       Stairs down to The Gnomish Mines.
 The Gnomish Mines: levels 4 to 10
    Level 4:
    Level 5:
    Level 6:
    Level 7:
       Many shops, a temple and an altar, many fountains.
       Final resting place for
          kodon-Mon-Hum-Mal-Neu, killed by a priest of Huan Ti.
    Level 8:
    Level 9:
    Level 10: <- You were here.
       Final resting place for
          you, killed by a blast of fire exhaled by a red naga.


Vanquished creatures:
  a ghost
  a small mimic
  a wolf
 an iron piercer
  2 giant spiders
  a gnome ruler
  a lizard
  a jaguar
 an imp
  4 Uruk-hai
 12 gnome leaders
  2 gnomish wizards
  3 elf zombies
  2 straw golems
  a little dog
  2 floating eyes
  3 dwarves
  6 hill orcs
  a rothe
  2 giant bats
  a monkey
 an orc zombie
  2 wererats
  a werejackal
  2 acid blobs
  a large kobold
  a hobgoblin
  2 giant rats
 41 gnomes
  2 geckos
 10 jackals
  3 kobolds
  4 goblins
  3 sewer rats
  6 grid bugs
  4 lichens
  2 newts
134 creatures vanquished.

No species were genocided or became extinct.

Game over:
                       ----------
                      /          \
                     /    REST    \
                    /      IN      \
                   /     PEACE      \
                  /                  \
                  |      Grufus      |
                  |       0 Au       |
                  |   killed by a    |
                  |  blast of fire   |
                  | exhaled by a red |
                  |       naga       |
                  |       2026       |
                 *|     *  *  *      | *
        _________)/\\_//(\/(/\)/\//\/|_)_______

Sayonara Grufus the Samurai...

You died in The Gnomish Mines on dungeon level 10 with 4900 points,
and 0 pieces of gold, after 4891 moves.
You were level 7 with a maximum of 74 hit points when you died.

